Map: Acid Plant LE

Players

Juxtapose

  • Race: Zerg Zerg
  • League: Platinum
  • Spawn Location: 11:00

CODEX - Winner!

  • Race: Zerg Zerg
  • League: Platinum
  • Spawn Location: 5:00

VOD

https://youtu.be/Y_Ku3imC8aA

Description

It's been a while since I've played a Zerg vs Zerg, and I didn't do too bad, but I didn't play to my usual standard. Instead of Hydralisks, Mutalisks would also have served me better.

Still, I had fun with this match.

Time

  • Played on: Feb. 18, 2018, 10:40 a.m.
  • Length: 9:46
Show
View Real Time Build Order
Export as new Build Order

Juxtapose Zerg 

Build Orders: Hatch First 

Get SALT Encoding   

  12  0:01  Drone  
  13  0:09  Drone  
  14  0:21  Overlord  
  14  0:39  Drone  
  14  0:40  Drone  
  16  0:53  Drone  
  16  0:55  Hatchery  
  16  0:59  Extractor  
  15  1:12  Spawning Pool  
  15  1:14  Drone  
  15  1:19  Drone  
  16  1:26  Overlord  
  16  1:38  Drone x2  
  18  1:50  Drone  
  19  1:59  Queen  
  21  2:03  Zergling x2  
  22  2:09  Spine Crawler  
  21  2:19  Queen  
  23  2:28  Spine Crawler  
  22  2:45  Drone  
  22  2:46  Drone x3  
  25  2:55  Zergling x4  
  27  3:05  Drone  
  27  3:07  Zergling x2  
  28  3:21  Drone x5  
  33  3:27  Extractor  
  33  3:29  Roach Warren  
  31  3:35  Overlord  
  31  3:43  Queen  
  33  3:57  Drone x2  
  33  4:02  Drone x5  
  37  4:19  Roach x3  
  41  4:31  Roach x2  
  43  4:34  Overlord x2  
  43  4:50  Overlord  
  43  4:52  Queen  
  45  4:53  Roach x2  
  45  4:54  Roach  
  49  5:00  Drone x2  
  49  5:01  Drone x2  
  55  5:14  Roach  
  55  5:17  Roach  
  57  5:22  Roach x2  
  57  5:26  Roach  
  57  5:27  Queen  
  65  5:38  Lair  
  65  5:43  Evolution Chamber  
  64  5:52  Ravager x3  
  67  5:57  Overlord x2  
  67  6:03  Drone  
  68  6:04  Extractor  
  68  6:06  Queen  
  68  6:07  Extractor  
  68  6:17  Roach x2  
  68  6:18  Roach x5  
  82  6:21  Overlord  
  82  6:35  Zergling x4  
  82  6:36  Overlord  
  82  6:39  Glial Reconstitution  
  84  7:11  Roach  
  84  7:12  Roach x2  
  74  7:26  Roach x6, Zergling x4  
  74  7:27  Zergling x2  
  85  7:48  Zerg Missile Weapons Level 1, Hydralisk Den  
  84  7:59  Hatchery  
  84  8:01  Ravager x2  
  84  8:04  Drone x3  
  76  8:18  Roach x2  
  76  8:19  Roach x3  
  69  8:42  Hydralisk x4  
  69  8:43  Hydralisk x2  
  69  8:48  Ravager x2  
  47  9:12  Zergling x2  
  47  9:13  Zergling x14  
  43  9:23  Zergling x8  
  43  9:24  Zergling x4  
Show
View Real Time Build Order
Export as new Build Order

CODEX Zerg - Winner!

Build Orders: Pool First 

Get SALT Encoding   

  12  0:01  Drone  
  13  0:08  Drone  
  14  0:16  Overlord  
  14  0:33  Extractor  
  14  0:34  Drone  
  14  0:35  Drone x2  
  16  0:55  Drone  
  17  1:01  Spawning Pool  
  17  1:02  Drone  
  17  1:09  Drone  
  18  1:18  Drone  
  19  1:29  Drone  
  20  1:38  Hatchery  
  20  1:39  Overlord  
  19  1:49  Metabolic Boost  
  19  1:51  Zergling x2  
  21  2:01  Zergling x2  
  21  2:13  Zergling x2  
  22  2:18  Queen  
  24  2:25  Zergling x2  
  25  2:47  Roach Warren  
  23  2:54  Queen  
  25  2:59  Baneling Nest  
  25  3:02  Drone x3  
  25  3:03  Extractor  
  26  3:11  Overlord  
  26  3:22  Zergling x6  
  29  3:32  Drone  
  29  3:33  Drone  
  31  3:44  Baneling x3  
  31  3:45  Roach, Zergling x2  
  31  3:46  Zergling x6  
  37  3:51  Drone  
  38  3:55  Drone  
  38  3:57  Drone  
  38  4:17  Drone  
  38  4:18  Drone x4  
  38  4:22  Roach  
  38  4:23  Drone  
  41  4:31  Baneling x2  
  41  4:35  Roach x2  
  43  4:40  Drone  
  43  4:41  Overlord  
  44  4:48  Overlord  
  41  4:57  Roach  
  43  5:02  Overlord  
  43  5:03  Evolution Chamber  
  43  5:04  Drone x2  
  44  5:11  Roach  
  44  5:12  Roach x2  
  50  5:19  Spine Crawler  
  49  5:22  Drone  
  49  5:23  Drone  
  49  5:24  Drone  
  49  5:27  Roach  
  54  5:33  Roach  
  54  5:34  Roach  
  58  5:37  Roach  
  60  5:43  Lair  
  60  5:48  Roach x2  
  64  5:54  Overlord  
  64  5:59  Zerg Melee Weapons Level 1  
  64  6:05  Evolution Chamber  
  64  6:10  Overlord  
  63  6:13  Roach x4  
  71  6:20  Extractor  
  71  6:23  Drone x4  
  74  6:33  Zerg Ground Armor Level 1  
  74  6:34  Roach x2  
  78  6:44  Roach x3  
  84  6:57  Overlord  
  84  6:58  Overlord  
  72  7:23  Roach x6  
  72  7:24  Roach x3  
  72  7:28  Ravager  
  89  7:30  Ravager  
  90  7:38  Ravager  
  90  7:41  Zergling x14  
  98  7:48  Zergling x4  
  98  7:50  Overlord  
  100  7:57  Overlord x2  
  100  8:03  Hatchery  
  94  8:17  Roach x5  
  94  8:18  Roach  
  105  8:42  Hydralisk Den, Drone x4  
  98  9:04  Zergling x2  
  98  9:05  Zergling x14  
  89  9:30  Ravager  
  89  9:31  Ravager  
  99  9:32  Ravager  
Tags
 
Add a new tag
Caveats
  • Supply blocks, unpowered buildings, or Contaminate may cause inaccurate times.
  • Supply counts are checked every 10 seconds.